 Dungeon Crawl Stone Soup version 0.31-a0-221-gbddc013574 (webtiles) character file.

Game seed: 18166066369792398407

1296 Nietzsche the Cudgeller (level 8, -4/60 HPs)
             Began as a Demonspawn Gladiator on July 4, 2023.
             Slain by an ice beast (10 damage)
             ... on level 6 of the Dungeon.
             The game lasted 00:16:42 (4768 turns).

Nietzsche the Cudgeller (Demonspawn Gladiator)      Turns: 4768, Time: 00:16:44

Health: -4/60      AC:  3    Str: 15    XL:     8   Next: 31%
Magic:  0/13       EV: 14    Int: 12    God:
Gold:   251        SH:  0    Dex: 22    Spells: 14/14 levels left

rFire   . . .        p - +0 morningstar
rCold   . . .        (no shield)
rNeg    . . .        b - +0 leather armour
rPois   .            (helmet restricted)
rElec   .            (no cloak)
rCorr   .            (no gloves)
SInv    +            (no boots)
Will    .....        (no amulet)
Stlth   +++          g - +6 ring of dexterity
HPRegen 0.30/turn    y - ring of see invisible
MPRegen 0.26/turn

%: guardian spirit
@: mighty
A: horns 1, magic shield, magic regeneration, demonic magic 2, thin skeletal
structure 1, subdued magic 1
a: no special abilities


You were on level 6 of the Dungeon.
You visited 1 branch of the dungeon, and saw 6 of its levels.

You collected 251 gold pieces.

Inventory:

Hand Weapons
 a - a +0 flail
 p - a +0 morningstar (weapon)
 t - a +0 falchion of electrocution
Missiles
 d - 2 throwing nets (quivered)
 e - a javelin
Armour
 b - a +0 leather armour (worn)
 c - a +0 helmet
Magical Staves
 l - a staff of death
Jewellery
 g - a +6 ring of dexterity (left hand)
 j - a ring of protection from cold
 k - a ring of wizardry
 w - an amulet of faith
 y - a ring of see invisible (right hand)
Wands
 z - a wand of flame (10)
Scrolls
 f - a scroll of immolation {unknown}
 h - 2 scrolls of teleportation
 m - 3 scrolls of enchant armour
 n - a scroll of brand weapon {unknown}
 o - 2 scrolls of torment
 v - a scroll of noise {unknown}
 x - a scroll of enchant weapon {unknown}
Potions
 q - 2 potions of curing
 r - a potion of attraction {unknown}
 s - a potion of haste {unknown}


   Skills:
 + Level 3.8 Fighting
 + Level 5.7 Maces & Flails
 - Level 1.8 Throwing
 + Level 3.0 Armour
 + Level 3.8 Dodging
 - Level 1.0 Stealth
 * Level 3.6 Spellcasting
 * Level 4.2 Necromancy


You had 14 spell levels left.
You didn't know any spells.
Your spell library contained the following spells:

 Spells                   Type           Power      Damage    Failure   Level
 Sting                    Tmut/Pois      4%         1d3       24%         1
 Poisonous Vapours        Pois/Air       2%         N/A       36%         2
 Vhi's Electric Charge    Tloc/Air       2%         N/A       61%         3
 Olgreb's Toxic Radiance  Pois           1%         N/A       95%         4
 Arcjolt                  Conj/Air       0%         1d10      100%        5
 Maxwell's Capacitive Co  Air            0%         ∞         100%        8


Dungeon Overview and Level Annotations

Branches:
Dungeon (6/15)
 Temple: D:4-7

Altars:
Ashenzari
Sif Muna
Wu Jian

Shops:
D:2 [[


Innate Abilities, Weirdness & Mutations

You have a pair of small horns on your head.
When hurt, damage is shared between your health and your magic reserves.
You regenerate magic rapidly.
Spells you cast may paralyse nearby enemies.
You have a somewhat thin skeletal structure. (Dex +2, Stealth+)
Your spells are a little easier to cast, but a little less powerful.


Message History

The iguana barely misses you.
You completely miss the iguana.
You feel sick. The iguana bites you!
The ice beast hits you but does no damage.
You puncture the iguana!
The iguana is heavily wounded.
You feel sick. The ice beast misses you. The iguana misses you.
The iguana bites you.
* * * LOW HITPOINT WARNING * * *
The ice beast hits you but does no damage.
You completely miss the iguana.
The iguana is heavily wounded.
You feel sick.
The iguana bites you but does no damage.
The ice beast hits you but does no damage.
You hit the iguana but do no damage.
You headbutt the iguana, but do no damage.
The iguana is heavily wounded.
You feel sick. The iguana barely misses you.
The ice beast hits you but does no damage.
You closely miss the iguana. Your headbutt misses the iguana.
The iguana is heavily wounded.
You feel sick.
You are no longer poisoned.
The ice beast hits you. The ice beast freezes you.
* * * LOW HITPOINT WARNING * * *
The iguana completely misses you.
You feel better. The iguana completely misses you.
The ice beast closely misses you.
You feel very mighty all of a sudden. The ice beast closely misses you.
The iguana closely misses you.
You closely miss the ice beast. Your headbutt misses the ice beast.
The ice beast hits you but does no damage.
The iguana barely misses you.
You barely miss the ice beast. Your headbutt misses the ice beast.
The iguana bites you!
* * * LOW HITPOINT WARNING * * *
The ice beast hits you.
* * * LOW HITPOINT WARNING * * *
The ice beast freezes you!
You die...

.#..# ..!.#
.....# .....#
#.... ... ###.#
#.Y#. #@#.#
#l#.# ###.#.#
####..#..##
#.........#.
#.....<[.....
#........?...#
#..............
#...........###


You could see an ice beast and an iguana.

Vanquished Creatures
  Pikel (D:4)
  2 black bears (D:5)
  2 ogres
  4 scorpions
  2 hounds (D:5)
  An orc priest (D:3)
  An orc wizard (D:4)
  3 adders
  2 worms
  4 dart slugs
  16 orcs
  8 bats
  8 endoplasms
  4 giant cockroaches
  7 goblins
  6 hobgoblins
  8 jackals
  4 kobolds
  3 quokkas
  3 ball pythons
  4 rats
93 creatures vanquished.

Notes
Turn   | Place    | Note
-------+----------+-------------------------------------------
     0 | D:1      | Nietzsche the Demonspawn Gladiator began the quest for the
                  | Orb.
     0 | D:1      | Reached XP level 1. HP: 16/16 MP: 1/1
     6 | D:1      | Noticed a salamander
     6 | D:1      | Noticed a komodo dragon
     6 | D:1      | Noticed a swamp drake
     6 | D:1      | Noticed a swamp worm
   152 | D:1      | Gained mutation: You regenerate magic rapidly. [demonic
                  | ancestry]
   152 | D:1      | Reached XP level 2. HP: 18/22 MP: 3/3
   401 | D:1      | Reached skill level 3 in Maces & Flails
   958 | D:2      | Reached XP level 3. HP: 27/27 MP: 4/4
  1081 | D:2      | Noticed an ogre
  1091 | D:2      | Killed an ogre
  1092 | D:2      | Reached skill level 1 in Armour
  1092 | D:2      | Reached skill level 1 in Spellcasting
  1092 | D:2      | Reached skill level 1 in Necromancy
  1092 | D:2      | Gained mutation: You have a pair of small horns on your
                  | head. [demonic ancestry]
  1092 | D:2      | Reached XP level 4. HP: 15/34 MP: 4/6
  1271 | D:2      | Found Ytug's Antique Armour Shoppe.
  1446 | D:2      | Found Cyokieq's Antique Armour Boutique.
  1488 | D:3      | Gained mutation: When hurt, damage is shared between your
                  | health and your magic reserves. [demonic ancestry]
  1488 | D:3      | Reached XP level 5. HP: 39/39 MP: 7/7
  1550 | D:3      | HP: 1/39 [orc priest/+0 club (1)]
  1552 | D:3      | Gained mutation: Your spells are a little easier to cast,
                  | but a little less powerful. [potion of mutation]
  1552 | D:3      | Gained mutation: You have a somewhat thin skeletal
                  | structure. (Dex +2, Stealth+) [potion of mutation]
  1743 | D:3      | Found a broken altar of Ashenzari.
  2368 | D:3      | Found a faded altar of an unknown god.
  2456 | D:4      | Found an ornate altar of the Wu Jian Council.
  2709 | D:4      | Reached skill level 4 in Maces & Flails
  2709 | D:4      | Reached skill level 1 in Stealth
  2709 | D:4      | Gained mutation: Spells you cast may paralyse adjacent
                  | enemies. [demonic ancestry]
  2709 | D:4      | Reached XP level 6. HP: 21/46 MP: 6/9
  2980 | D:4      | You fall into a shaft and drop 1 floor!
  2980 | D:5      | Entered Level 5 of the Dungeon
  3548 | D:4      | Noticed Pikel
  3560 | D:4      | HP: 2/46 [Pikel/+0 whip of flaming (2)]
  3562 | D:4      | Killed Pikel
  3563 | D:4      | Reached skill level 5 in Maces & Flails
  3563 | D:4      | Gained mutation: Spells you cast may paralyse nearby
                  | enemies. [demonic ancestry]
  3563 | D:4      | Reached XP level 7. HP: 4/52 MP: 1/11
  4046 | D:5      | Reached XP level 8. HP: 41/58 MP: 8/13
  4385 | D:5      | Found a shimmering blue altar of Sif Muna.
  4768 | D:6      | Slain by an ice beast

Illustrated notes

Levels and vault maps discovered:
D:1:      onia_arrival_zoo_common, layout_basic, minivault_27,
          minmay_pentomino_q4
D:2:      layout_loops_ring, serial_shops, shop, nicolae_lakefront_shop,
          serial_glass, glass_columns_a, glass_columns_c, glass_columns_a,
          glass_columns_c
D:3:      layout_basic, overflow_temple_1_default,
          shapermc_ecumenical_altar_mp_vishouse
D:4:      layout_rooms, nicolae_wu_jian_immortal_techniques,
          serial_co_window_serial, co_window_of_opportunity_a,
          co_window_paths_b, co_window_of_opportunity_a,
          co_window_of_opportunity_a, co_window_corner_a, co_window_broadway_a,
          co_window_of_opportunity_b, co_window_corner_b, co_window_corner_b,
          kennysheep_nondescript, uniq_pikel
D:5:      layout_rooms, lemuel_crystal_altar
D:6:      layout_loops_ring, grunt_gozag_statues,
          nicolae_qazlal_scattered_showers, minmay_temple_entry_statues

Skill      XL: |  1  2  3  4  5  6  7  8 |
---------------+-------------------------+-----
Maces & Flails | 3 4 5 |  5.7
Armour         | 1 2 3 |  3.0
Dodging        | 3 |  3.8
Spellcasting   | 1 2 3 |  3.6
Necromancy     | 1 2 3 4 |  4.2
Stealth        | 1 |  1.0
Fighting       | 3 |  3.8
Throwing       | |  1.8

Action                     |  1- 3 |  4- 6 |  7- 9 || total
---------------------------+-------+-------+-------++-------
  Melee: Flail             |    70 |       |       ||    70
         Morningstar       |     4 |   153 |    62 ||   219
         Headbutt          |       |    25 |     9 ||    34
         Punch             |       |     2 |     2 ||     4
  Throw: Throwing net      |       |     1 |       ||     1
    Use: Potion            |       |     3 |     2 ||     5
         Scroll            |       |       |     4 ||     4
   Stab: Sleeping          |     1 |     7 |       ||     8
 Armour: Leather armour    |    29 |    22 |    18 ||    69
  Dodge: Dodged            |    74 |   109 |    73 ||   256

Table legend: (Time is in decaauts)
 A = Elapsed time spent in this place.
 B = Non-inter-level travel time spent in this place.
 C = Inter-level travel time spent in this place.
 D = Time resting spent in this place.
 E = Time spent auto-exploring this place.
 F = Levels seen in this place.
 G = Mean time per level.
                   A        B        C        D        E       F      G
               +--------+--------+--------+--------+--------+-----+--------+
         Total |   4844 |   4844 |      0 |    526 |   2811 |   6 |  807.3 |
       Dungeon |   4844 |   4844 |      0 |    526 |   2811 |   6 |  807.3 |
               +--------+--------+--------+--------+--------+-----+--------+

Top non-repeatable levels by time:
     D:4: 1475 daAuts
     D:3: 989 daAuts
     D:1: 843 daAuts
     D:5: 841 daAuts
     D:2: 658 daAuts
     D:6: 37 daAuts
